 Dungeon Crawl Stone Soup version 0.29.1-15-g9cfb28693d (webtiles) character file.

Game seed: 637585497283957224

50822 croobank the Nimble (level 14, -7/66 HPs)
             Began as a Felid Summoner on May 1, 2023.
             Was an Initiate of Gozag.
             Shot with an arrow by a tengu warrior (16 damage)
             ... on level 14 of the Dungeon.
             The game lasted 02:37:35 (36278 turns).

croobank the Nimble (Felid Summoner)               Turns: 36278, Time: 02:37:35

Health: -7/66      AC:  3    Str:  4    XL:     14   Next: 21%
Magic:  18/29      EV: 28    Int: 20    God:    Gozag
Gold:   4915       SH:  0    Dex: 18    Spells: 6/33 levels left
                                        Lives:  0   Deaths: 4

rFire   + . .      SeeInvis +   (weapon unavailable)
rCold   . . .      Faith    .   (shield unavailable)
rNeg    . . .      Spirit   .   (body armour unavailable)
rPois   +          Reflect  .   (helmet unavailable)
rElec   .          Harm     .   (cloak unavailable)
rCorr   .          Rampage  .   (gloves unavailable)
Will    +++..                   (boots unavailable)
Stlth   +++.......              q - amulet of magic regeneration
HPRegen 0.21/turn               y - ring of fire
MPRegen 0.61/turn               H - ring of the Last Yaks {rPois Will+ Slay+5}

@: quick
A: very small, claws 1, fangs 3, see invisible, speed 1, shaggy fur 3, stealthy
paws, no weapons or thrown items, no armour, multi-lived
a: Renounce Religion, Potion Petition, Call Merchant, Bribe Branch


You were on level 14 of the Dungeon.
You worshipped Gozag.
Gozag was most pleased with you.
You visited 4 branches of the dungeon, and saw 22 of its levels.
You also visited: Bailey and Volcano.

You collected 6865 gold pieces.
You spent 1358 gold pieces at shops.
You paid 592 gold pieces to Gozag.

Inventory:

Missiles
 d - 4 javelins
Jewellery
 c - a ring of wizardry
 h - a +6 ring of dexterity
 j - a ring of resist corrosion
 p - an amulet of regeneration
 q - an amulet of magic regeneration (around neck)
 s - a +6 ring of dexterity
 y - a ring of fire (left paw)
 C - a ring of positive energy
 H - the ring of the Last Yaks (right paw) {rPois Will+ Slay+5}
   (You acquired it on level 5 of the Lair of Beasts)

   [ring of poison resistance]

   Slay:      It affects your accuracy & damage with ranged weapons and melee
   (+5).
   rPois:     It protects you from poison.
   Will:      It increases your willpower.
 K - a ring of flight
 O - a ring of protection from cold
Wands
 i - a wand of mindburst (19)
 n - a wand of flame (31)
 F - a wand of digging (2)
 J - a wand of charming (7)
 M - a wand of polymorph (2)
Scrolls
 e - 7 scrolls of magic mapping
 g - 6 scrolls of teleportation
 t - 6 scrolls of amnesia
 u - 6 scrolls of immolation
 w - 2 scrolls of fog
 D - 2 scrolls of fear
 I - 3 scrolls of identify
 N - a scroll of blinking
Potions
 a - 8 potions of curing
 b - 2 potions of flight
 f - 2 potions of cancellation
 k - 2 potions of ambrosia
 l - 4 potions of haste
 m - 4 potions of mutation
 o - 8 potions of brilliance
 r - a potion of heal wounds
 v - a potion of berserk rage
 x - 3 potions of attraction
 z - 6 potions of lignification
 A - 5 potions of might
 B - 5 potions of magic
Miscellaneous
 E - a tin of tremorstones (2/2)
 L - a lightning rod (4/4)


   Skills:
 + Level 10.9 Fighting
 + Level 14.2 Dodging
 - Level 3.3 Stealth
 + Level 10.3 Spellcasting
 - Level 9.3 Conjurations
 - Level 5.0 Hexes
 + Level 11.7 Summonings
 + Level 5.0 Translocations
 + Level 9.8 Fire Magic
 - Level 7.0 Air Magic


You had 6 spell levels left.
You knew the following spells:

 Your Spells              Type           Power      Damage    Failure   Level
a - Summon Small Mammal   Summ           100%       N/A       1%          1
b - Call Imp              Summ           55%        N/A       1%          2
c - Call Canine Familiar  Summ           55%        N/A       1%          3
d - Foxfire               Conj/Fire      100%       2x1d9     1%          1
e - Summon Guardian Gole  Hex/Summ       43%        N/A       1%          3
f - Summon Lightning Spi  Summ/Air       47%        N/A       1%          4
g - Poisonous Vapours     Pois/Air       48%        N/A       2%          2
h - Blink                 Tloc           60%        N/A       1%          2
i - Flame Wave            Conj/Fire      64%        2d15      1%          4
j - Summon Forest         Summ/Tloc      21%        N/A       6%          5

Your spell library contained the following spells:

 Spells                   Type           Power      Damage    Failure   Level
 Magic Dart               Conj           100%       1d8       1%          1
 Conjure Flame            Conj/Fire      64%        6-21      1%          3
 Inner Flame              Hex/Fire       56%        N/A       1%          3
 Lesser Beckoning         Tloc           30%        N/A       2%          3
 Mephitic Cloud           Conj/Pois/Air  32%        N/A       2%          3
 Fireball                 Conj/Fire      32%        3d14      3%          5
 Summon Ice Beast         Ice/Summ       33%        N/A       6%          4
 Freeze                   Ice            40%        1d6       7%          1
 Sting                    Tmut/Pois      40%        1d5       7%          1
 Hailstorm                Conj/Ice       29%        3d8       10%         4
 Frozen Ramparts          Ice            20%        1d4       21%         3
 Freezing Cloud           Conj/Ice/Air   16%        6-21      21%         5
 Starburst                Conj/Fire      32%        6d10      21%         6
 Manifold Assault         Tloc           30%        N/A       24%         5
 Ice Form                 Ice/Tmut       10%        N/A       54%         4
 Olgreb's Toxic Radiance  Pois           10%        N/A       54%         4
 Eringya's Noxious Bog    Tmut/Pois      5%         N/A       100%        6
 Summon Hydra             Summ           27%        N/A       41%         7
 Ignition                 Fire           32%        3d10      100%        8
 Polar Vortex             Ice            5%         N/A       100%        9
 Corpse Rot               Necr/Pois/Air  Unusable   N/A       N/A         4
 Simulacrum               Ice/Necr       Unusable   N/A       N/A         6

Dungeon Overview and Level Annotations

Branches:
Dungeon (14/15)            Temple (1/1) D:7            Lair (5/5) D:9
 Shoals (0/4) Lair:2       Spider (0/4) Lair:2        Slime (0/5) Lair:4
    Orc (2/2) D:12            Elf (0/3) Orc:2        Vaults (0/5) D:13
 Bailey (visited)         Volcano (visited)

Altars:
Ashenzari
Cheibriados
Dithmenos
Elyvilon
Fedhas
Gozag
Hepliaklqana
Kikubaaqudgha
Makhleb
Nemelex Xobeh
Okawaru
Qazlal
Ru
Sif Muna
Trog
Uskayaw
Vehumet
Wu Jian
Yredelemnul
Zin
The Shining One
Jiyva

Shops:
D:6 (   D:8 *   D:13 *   Orc:2 *(![   Lair:1 *

Annotations:
D:5 2 transporters, Ast3rio's ghost, novice MiBe
D:9 exclusion: ice statue
Temple 2 transporters
Lair:2 3 runed translucent doors


Innate Abilities, Weirdness & Mutations

You have sharp claws.
You have razor-sharp teeth.
You have supernaturally acute eyesight. (SInv)
You cover ground quickly. (Speed+)
Your thick and shaggy fur keeps you warm. (AC +3, rC+)
Your paws help you pounce on unaware monsters.
You are incapable of wielding weapons or throwing items.
You cannot wear armour.
You gain extra lives every three experience levels.


Message History

The tengu warrior is severely wounded.
The foxfire hits the tengu warrior.
The tengu warrior is almost dead.
The tengu conjurer hits your lightning spire.
The tengu conjurer pecks your lightning spire.
The tengu conjurer claws your lightning spire but does no damage.
Your lightning spire shoots out a bolt of lightning at the tengu conjurer!
The bolt of electricity hits the tengu conjurer!
Okay, then.
You feel much better.
The tengu warrior shoots an arrow.
The arrow hits your guardian golem!
The tengu conjurer hits your lightning spire but does no damage.
The tengu conjurer pecks your lightning spire.
The tengu conjurer claws your lightning spire but does no damage.
Casting: Summon Guardian Golem (safe; 1% risk of failure)
Confirm with . or Enter, or press ? or * to list all spells.
You feel a surge of power!
You conjure some foxfire!
The tengu conjurer hits your lightning spire but does no damage.
The tengu conjurer pecks your lightning spire.
The tengu conjurer claws your lightning spire but does no damage.
Casting: Foxfire (safe; 1% risk of failure)
Confirm with . or Enter, or press ? or * to list all spells.
The foxfire hits the tengu warrior.
The tengu warrior is almost dead.
The foxfire hits the tengu warrior but does no damage.
The tengu warrior is almost dead.
The tengu warrior shoots an arrow.
The arrow hits you!!
* * * LOW HITPOINT WARNING * * *
The tengu conjurer hits your lightning spire but does no damage.
The tengu conjurer pecks your lightning spire but does no damage.
The tengu conjurer barely misses your lightning spire.
The tengu warrior shoots an arrow.
The arrow completely misses your wolf. The arrow closely misses you.
The tengu conjurer barely misses your lightning spire.
The tengu conjurer pecks your lightning spire but does no damage.
The tengu conjurer barely misses your lightning spire.
The tengu warrior shoots an arrow.
The arrow completely misses your wolf. The arrow hits you!
You die...
Your body crumbles into a pile of gold.

.......5# #......
........###....## ...
#..#.##..##..### Q...
###..###..###..#
.....###.....##....#..#
.....#....#.#####.....##
.....$......#.#.#......#
.....#.9...............##
.....Q.Qh..@.##.........#
$
......8○$§...#...#.....##
.....###.§......##....^#
.... #..#....#......##
... #....##..###....## #
#........# ##.###
####....## ### ###.## ###


You could see a tengu warrior (ally target), a tengu conjurer (distracted, ally
target), a friendly guardian golem (summoned), a friendly wolf (summoned,
sheltered) and a friendly lightning spire (summoned, sheltered).

Vanquished Creatures
  A fire dragon (Lair:5)
  Erolcha (Orc:2)
  2 hydras (D:12)
  An ogre mage (Volcano)
  3 two-headed ogres
  Nergalle (Lair:1)
  A swamp dragon (Lair:5)
  A wizard (D:14)
  An orc knight (Orc:2)
  A deep elf pyromancer (D:12)
  An ugly thing (D:13)
  An orc sorcerer (Orc:1)
  A manticore (D:14)
  A cyclops (D:13)
  2 black mambas (Lair:4)
  A cane toad (Lair:4)
  4 kobold demonologists (D:11)
  4 rime drakes
  2 unseen horrors
  3 komodo dragons
  A komodo dragon (shapeshifter) (D:13)
  A meliai (D:13)
  2 merfolk (Lair:2)
  2 trolls
  A polar bear (D:12)
  Prince Ribbit (Bailey)
  A tarantella (shapeshifter) (D:12)
  2 dream sheep (Lair:3)
  A hornet (Lair:5)
  A jumping spider (Lair:2)
  A centaur simulacrum (D:12)
  2 wraiths
  A wyvern (Lair:1)
  4 yaks
  A basilisk (Lair:4)
  2 humans (Bailey)
  2 redbacks (Lair:2)
  7 vampire mosquitoes
  3 acid dragons (Lair:5)
  3 water moccasins
  11 orc warriors
  A water moccasin (shapeshifter) (D:14)
  2 ice beasts
  5 centaurs
  3 ogres
  8 wolves
  3 kobold brigands
  A necrophage (D:6)
  7 bullfrogs
  A howler monkey (D:10)
  A hound (D:6)
  4 orc priests
  A gnoll bouda (D:6)
  4 iguanas
  12 orc wizards
  2 spriggan simulacra (D:12)
  A human simulacrum (D:10)
  8 gnolls
  2 white imps (D:12)
  2 ufetubi
  35 orcs
  3 endoplasms (D:3)
  A giant cockroach (D:4)
  3 goblins
  4 hobgoblins
  7 jackals
  2 quokkas
  3 ball pythons (D:3)
  4 frilled lizards (D:3)
  10 kobolds
  3 rats
226 creatures vanquished.

Vanquished Creatures (collateral kills)
  Kirke (Lair:3)
  Azrael (Orc:2)
  A fire dragon (Lair:5)
  2 boulder beetles
  A hydra (D:14)
  2 vault guards (D:13)
  6 two-headed ogres
  2 death yaks (Lair:1)
  An orc high priest (Orc:1)
  A lindwurm (Lair:5)
  An orc knight (Orc:1)
  2 deep elf pyromancers (D:13)
  6 ugly things
  3 cyclopes
  A wolf spider (Lair:2)
  An oklob plant (Lair:1)
  A guardian serpent (shapeshifter) (D:13)
  A gargoyle (D:10)
  2 torpor snails
  4 cane toads
  A rime drake (Lair:5)
  3 komodo dragons
  An efreet (D:13)
  2 tyrant leeches (Lair:5)
  2 meliai (D:13)
  A troll (D:13)
  3 hornets (Lair:5)
  10 dream sheep
  Sigmund (D:2)
  2 vampires
  9 yaks
  3 fire bats (Lair:1)
  2 wyverns
  A hog (shapeshifter) (D:14)
  4 basilisks
  2 fire elementals (Orc:2)
  A steam dragon (Lair:5)
  2 acid dragons (D:11)
  3 water moccasins
  2 hell hounds (Orc:2)
  27 orc warriors
  2 ice beasts (D:12)
  A black bear (D:4)
  9 centaurs
  8 wolves
  2 kobold brigands
  Blork the orc (D:4)
  A two-headed ogre simulacrum (D:12)
  7 bullfrogs
  A scorpion (D:5)
  2 gnoll sergeants (D:9)
  2 wights (D:8)
  A killer bee (D:10)
  A nameless horror (D:6)
  A howler monkey (D:6)
  A jelly (D:5)
  7 orc priests
  2 hounds
  5 iguanas
  14 orc wizards
  A human simulacrum (D:10)
  3 adders
  15 gnolls
  A naga simulacrum (D:12)
  A white imp (D:8)
  2 dart slugs
  2 worms (D:2)
  38 orcs
  8 ball pythons
  3 endoplasms
  2 giant cockroaches (D:4)
  8 goblins
  6 hobgoblins
  8 jackals
  12 kobolds
  2 quokkas
  2 bats (D:1)
  A frilled lizard (D:1)
  A rat (D:1)
  22 foxfires
328 creatures vanquished.

Vanquished Creatures (others)
  3 boulder beetles
  4 vault guards
  4 hydras
  A centaur warrior (D:13)
  4 two-headed ogres
  A lindwurm (Lair:5)
  An orc knight (Orc:2)
  An oklob plant (Lair:1)
  4 black mambas
  A gargoyle (D:11)
  4 torpor snails (Lair:5)
  A komodo dragon (Lair:5)
  A rime drake (Lair:2)
  2 merfolk (Lair:2)
  2 hornets (Lair:5)
  A polar bear (Lair:1)
  4 trolls
  A tyrant leech (Lair:5)
  A dream sheep (Lair:5)
  A wyvern (D:9)
  7 humans
  13 yaks
  A death yak simulacrum (D:12)
  A redback (Lair:2)
  A vampire mosquito (D:10)
  A warg (D:12)
  4 water moccasins
  8 orc warriors
  A black bear (D:5)
  An ogre (D:4)
  2 centaurs
  A kobold brigand (D:10)
  2 bullfrogs
  3 wights (D:8)
  A two-headed ogre simulacrum (D:12)
  A howler monkey (D:10)
  2 iguanas
  A polar bear simulacrum (D:12)
  9 gnolls
  A naga simulacrum (D:12)
  3 orcs
  2 bushes
  2120 foxfires
  13 fungi
  56 plants
2297 creatures vanquished.

Grand Total: 2851 creatures vanquished

Notes
Turn   | Place    | Note
-------+----------+-------------------------------------------
     0 | D:1      | croobank the Felid Summoner began the quest for the Orb.
     0 | D:1      | Reached XP level 1. HP: 7/7 MP: 4/4
   531 | D:1      | Reached skill level 3 in Dodging
   543 | D:1      | Reached XP level 2. HP: 11/11 MP: 3/6
   546 | D:1      | Learned a level 2 spell: Call Imp
  1301 | D:1      | Found a faded altar of an unknown god.
  1392 | D:1      | Reached XP level 3. HP: 14/14 MP: 5/7
  1396 | D:1      | Learned a level 3 spell: Call Canine Familiar
  2071 | D:2      | Learned a level 1 spell: Foxfire
  2524 | D:2      | Noticed Sigmund
  2718 | D:2      | Reached XP level 4. HP: 18/18 MP: 0/8
  3438 | D:2      | Reached skill level 1 in Fighting
  3566 | D:2      | Killed Sigmund
  3567 | D:2      | Reached skill level 4 in Dodging
  3567 | D:2      | Reached skill level 1 in Conjurations
  3567 | D:2      | Reached skill level 1 in Fire Magic
  3567 | D:2      | Reached XP level 5. HP: 7/22 MP: 4/10
  4246 | D:3      | Noticed an ogre
  4492 | D:3      | Killed an ogre
  4493 | D:3      | Gained mutation: You are covered in thick fur. (AC +2)
                  | [Felid growth]
  4493 | D:3      | Reached XP level 6. HP: 26/26 MP: 5/11
  4805 | D:4      | Noticed Blork the orc
  4967 | D:4      | Learned a level 3 spell: Summon Guardian Golem
  4979 | D:4      | Killed Blork the orc
  4980 | D:4      | Reached skill level 5 in Summonings
  5421 | D:4      | Reached XP level 7. HP: 30/30 MP: 5/13
  5574 | D:4      | Reached skill level 5 in Dodging
  5626 | D:4      | Slain by a black bear
  5627 | D:4      | Reached XP level 6. HP: 0/27 MP: 2/12
  6593 | D:5      | Entered Level 5 of the Dungeon
  6766 | D:5      | Found a basalt altar of Yredelemnul.
  6922 | D:5      | Found an ancient bone altar of Kikubaaqudgha.
  6922 | D:5      | Found a sacrificial altar of Ru.
  6922 | D:5      | Found a glowing silver altar of Zin.
  6935 | D:5      | Reached XP level 7. HP: 31/31 MP: 0/13
  7092 | D:5      | Found a transporter.
  7188 | D:5      | Found a transporter.
  7236 | D:5      | Noticed Ast3rio's ghost (novice MiBe)
  7836 | D:6      | Reached skill level 6 in Dodging
  7878 | D:6      | Reached XP level 8. HP: 30/36 MP: 10/15
  7891 | D:6      | Learned a level 4 spell: Summon Lightning Spire
  8022 | D:6      | Found Ubled's Antique Weapon Emporium.
  8392 | D:6      | Reached skill level 1 in Hexes
  8777 | D:6      | Reached skill level 1 in Air Magic
  8950 | D:7      | Found a snail-covered altar of Cheibriados.
  9157 | D:7      | Found a staircase to the Ecumenical Temple.
  9172 | Temple   | Entered the Ecumenical Temple
  9172 | Temple   | Found a transporter.
  9172 | Temple   | Found a transporter.
  9174 | Temple   | Found a transporter.
  9174 | Temple   | Found a transporter.
  9185 | Temple   | Became a worshipper of Gozag Ym Sagoz the Greedy
 10048 | D:7      | Reached XP level 9. HP: 37/39 MP: 17/17
 10357 | D:8      | Found a flagged portal.
 10391 | Bailey   | Entered a bailey
 10404 | Bailey   | Reached skill level 7 in Dodging
 10421 | Bailey   | Reached skill level 5 in Spellcasting
 10456 | Bailey   | Reached skill level 5 in Fighting
 10642 | Bailey   | Noticed Prince Ribbit
 10654 | Bailey   | Killed Prince Ribbit
 10675 | Bailey   | Noticed a vault guard
 10696 | Bailey   | Killed a vault guard
 10697 | Bailey   | Reached skill level 8 in Dodging
 10697 | Bailey   | Reached skill level 5 in Hexes
 10697 | Bailey   | Reached XP level 10. HP: 44/44 MP: 5/19
 10827 | Bailey   | Noticed a vault guard
 10839 | Bailey   | Killed a vault guard
 10840 | Bailey   | Reached skill level 5 in Conjurations
 11133 | D:8      | Reached skill level 5 in Fire Magic
 12112 | D:8      | Found Raprit's CLEARANCE SALE!.
 12120 | D:8      | Bought a potion of curing for 9 gold pieces
 13033 | D:9      | Noticed a two-headed ogre
 13051 | D:9      | Killed a two-headed ogre
 13700 | D:9      | Found a staircase to the Lair.
 13717 | D:9      | Reached skill level 9 in Dodging
 13991 | D:9      | Noticed an ice statue
 14373 | D:10     | Entered Level 10 of the Dungeon
 14413 | D:10     | Reached XP level 11. HP: 6/49 MP: 8/21
 14769 | D:10     | Noticed a two-headed ogre
 14776 | D:10     | Killed a two-headed ogre
 14856 | D:10     | Noticed a seven-headed hydra
 14887 | D:10     | Killed a seven-headed hydra
 15358 | D:10     | Reached skill level 5 in Air Magic
 15466 | D:10     | Killed from afar by a gargoyle
 15467 | D:10     | Reached XP level 10. HP: -4/47 MP: 21/21
 15501 | Lair:1   | Entered Level 1 of the Lair of Beasts
 15539 | Lair:1   | Reached skill level 10 in Dodging
 15742 | Lair:1   | Found a dark tunnel.
 15751 | Lair:1   | Bought a scroll of identify for 70 gold pieces
 15751 | Lair:1   | Bought 2 potions of brilliance for 280 gold pieces
 15753 | Volcano  | Entered a volcano
 15793 | Volcano  | Noticed an ogre mage
 15828 | Volcano  | Killed an ogre mage
 15829 | Volcano  | Reached XP level 11. HP: 50/50 MP: 6/22
 15833 | Volcano  | Found a bloodstained altar of Trog.
 15837 | Volcano  | Noticed a two-headed ogre
 15843 | Volcano  | Noticed a two-headed ogre
 15845 | Volcano  | Noticed a two-headed ogre
 15854 | Volcano  | Killed a two-headed ogre
 15859 | Volcano  | Killed a two-headed ogre
 15859 | Volcano  | Killed a two-headed ogre
 15871 | Volcano  | Noticed a two-headed ogre
 15874 | Volcano  | Noticed a red draconian
 15900 | Volcano  | Killed a two-headed ogre
 15907 | Volcano  | Noticed a two-headed ogre
 15908 | Volcano  | Noticed a two-headed ogre
 15916 | Volcano  | Killed a two-headed ogre
 15919 | Volcano  | Killed a two-headed ogre
 16172 | Lair:1   | Noticed Nergalle
 16186 | Lair:1   | Killed Nergalle
 16371 | Lair:1   | Noticed a death yak
 16371 | Lair:1   | Noticed a death yak
 16389 | Lair:1   | Killed a death yak
 16392 | Lair:1   | Killed a death yak
 16803 | Lair:1   | Noticed an oklob plant
 16803 | Lair:1   | Noticed an oklob plant
 16822 | Lair:1   | Killed an oklob plant
 16823 | Lair:1   | Killed an oklob plant
 16884 | Lair:1   | Learned a level 2 spell: Poisonous Vapours
 17157 | Lair:2   | Reached skill level 11 in Dodging
 17166 | Lair:2   | Found a hole to the Spider Nest.
 17169 | Lair:2   | Gained mutation: Your thick and shaggy fur keeps you warm.
                  | (AC +3, rC+) [Felid growth]
 17169 | Lair:2   | Reached XP level 12. HP: 55/55 MP: 19/24
 17778 | Lair:2   | Found a staircase to the Shoals.
 17864 | Lair:2   | Noticed a boulder beetle
 17902 | Lair:2   | Killed a boulder beetle
 17966 | Lair:2   | Found a runed translucent door.
 18294 | Lair:2   | Slain by a jumping spider
 18295 | Lair:2   | Reached XP level 11. HP: 0/51 MP: 22/24
 18357 | Lair:2   | Killed a wolf spider
 18589 | Lair:2   | Found a runed translucent gate.
 18589 | Lair:2   | Found a runed translucent gate.
 18589 | Lair:2   | Found a runed translucent gate.
 18589 | Lair:2   | Found a runed translucent gate.
 18589 | Lair:2   | Found a runed translucent gate.
 18589 | Lair:2   | Noticed a boulder beetle
 18589 | Lair:2   | Noticed a lindwurm
 18590 | Lair:2   | Found a runed translucent gate.
 18590 | Lair:2   | Noticed a lindwurm
 18595 | Lair:2   | Noticed a boulder beetle
 18668 | Lair:2   | Killed a boulder beetle
 18684 | Lair:2   | Killed a boulder beetle
 18848 | Lair:2   | Identified the +0 hat of the Apothecary {Fly rN+ Int-5}
 19096 | Lair:3   | Noticed an eight-headed hydra
 19113 | Lair:3   | Killed an eight-headed hydra
 19146 | Lair:3   | Noticed Kirke
 19156 | Lair:3   | Noticed a lindwurm
 19160 | Lair:3   | Killed Kirke
 20149 | Lair:4   | Reached XP level 12. HP: 56/56 MP: 22/25
 20519 | Lair:4   | Found a staircase to the Slime Pits.
 20521 | Lair:4   | Found a viscous altar of Jiyva.
 21267 | Lair:5   | Entered Level 5 of the Lair of Beasts
 21292 | Lair:5   | Identified a scroll of acquirement
 21292 | Lair:5   | Acquired the ring of the Last Yaks {rPois Will+ Slay+5}
 21356 | Lair:5   | Noticed a six-headed hydra
 21386 | Lair:5   | Killed a six-headed hydra
 21387 | Lair:5   | Reached skill level 10 in Summonings
 21388 | Lair:5   | Reached skill level 12 in Dodging
 21644 | Lair:5   | Learned a level 2 spell: Blink
 21674 | Lair:5   | Reached skill level 1 in Translocations
 21725 | Lair:5   | Identified the +6 war axe of a wizard's laboratory {vamp,
                  | Int+3}
 21774 | Lair:5   | Learned a level 4 spell: Flame Wave
 22171 | Lair:5   | Noticed a fire dragon
 22195 | Lair:5   | Killed a fire dragon
 22912 | Lair:5   | Found a runed translucent door.
 22912 | Lair:5   | Noticed a fire dragon
 22941 | Lair:5   | Killed a fire dragon
 23041 | Lair:5   | Reached XP level 13. HP: 44/60 MP: 16/27
 24134 | D:10     | Shot with a bolt by a vampire
 24135 | D:10     | Reached XP level 12. HP: -2/57 MP: 24/26
 25188 | D:11     | Noticed a boulder beetle
 25205 | D:11     | Killed a boulder beetle
 26141 | D:12     | Noticed a two-headed ogre
 26150 | D:12     | Killed a two-headed ogre
 26161 | D:12     | Noticed a five-headed hydra
 26174 | D:12     | Killed a five-headed hydra
 26175 | D:12     | Reached skill level 5 in Translocations
 26580 | D:12     | Found a frozen archway.
 26693 | D:12     | Reached skill level 13 in Dodging
 26695 | D:12     | Noticed a two-headed ogre
 26710 | D:12     | Killed a two-headed ogre
 26727 | D:12     | Found a staircase to the Orcish Mines.
 26924 | D:12     | Noticed a four-headed hydra
 26934 | D:12     | Killed a four-headed hydra
 26974 | D:12     | Noticed a boulder beetle
 26991 | D:12     | Killed a boulder beetle
 26992 | D:12     | Reached XP level 13. HP: 17/61 MP: 16/27
 27248 | D:12     | You fall into a shaft and drop 1 floor!
 27413 | D:12     | Identified the +11 quarterstaff of Tyte Bug {drain,
                  | *Corrode rC+++ Str+4 Int+4}
 27657 | D:12     | Reached skill level 10 in Fighting
 28194 | D:13     | Found a gate to the Vaults.
 28205 | D:13     | HP: 2/61 [centaur warrior/arrow (18)]
 28495 | Orc:1    | Entered Level 1 of the Orcish Mines
 29550 | Orc:2    | Entered Level 2 of the Orcish Mines
 30375 | Orc:2    | Found a staircase to the Elven Halls.
 32354 | Orc:2    | Noticed Azrael
 32375 | Orc:2    | Killed Azrael
 32478 | Orc:2    | Noticed Erolcha
 32532 | Orc:2    | Killed Erolcha
 33027 | Orc:2    | Found Udagixt's Weapon Boutique.
 33027 | Orc:2    | Found Wapronad's Distillery.
 33029 | Orc:2    | Found Dan Nung's Antique Armour Shoppe.
 33031 | Orc:2    | Found Womo's Assorted Antiques.
 33036 | Orc:2    | Bought a potion of curing for 45 gold pieces
 33036 | Orc:2    | Bought a potion of curing for 45 gold pieces
 33036 | Orc:2    | Bought a potion of magic for 120 gold pieces
 33036 | Orc:2    | Bought a potion of curing for 45 gold pieces
 33036 | Orc:2    | Bought a potion of brilliance for 60 gold pieces
 33036 | Orc:2    | Bought a potion of heal wounds for 75 gold pieces
 33043 | Orc:2    | Bought a potion of magic for 176 gold pieces
 33043 | Orc:2    | Bought a scroll labelled HERPHE ZOREW for 22 gold pieces
 33043 | Orc:2    | Bought a scroll of blinking for 165 gold pieces
 33043 | Orc:2    | Bought a blackened sapphire ring for 110 gold pieces
 33623 | D:13     | Found Zidghacih's Assorted Antiques.
 33629 | D:13     | Bought a potion of might for 136 gold pieces
 33645 | D:13     | Reached skill level 10 in Spellcasting
 34497 | D:13     | Reached skill level 14 in Dodging
 34959 | D:13     | Reached XP level 14. HP: 66/66 MP: 27/29
 35486 | D:14     | Learned a level 5 spell: Summon Forest
 36278 | D:14     | Shot with an arrow by a tengu warrior

Illustrated notes

Levels and vault maps discovered:
D:1:      dpeg_arrival_court, layout_basic,
          dreamdust_ecumenical_altar_angels_and_demons
D:2:      layout_basic, hangedman_decor_slide_cut, uniq_sigmund
D:3:      layout_rooms
D:4:      layout_basic, chequers_garden, minmay_liquid_box, uniq_blork_the_orc
D:5:      layout_cave_pools, mainiacjoe_overflow_paths,
          gammafunk_temple_overflow_claw, gammafunk_ghost_mausoleum
D:6:      layout_basic, serial_shops, shop, kennysheep_decorative_pillar,
          minmay_misc_feat_diagonals, hangedman_abyss_or_decor_passed,
          hangedman_decor_clover_reticule
D:7:      layout_loops_ring, cheibriados_altar_1,
          minmay_temple_entry_statues_fountains, minivault_4,
          serial_bayou_pond_d
D:8:      layout_loops_ring, enter_bailey_5, nicolae_ossuary_entry_plus,
          nicolae_shop_clearance
D:9:      minmay_statue_hallways, layout_irregular_city, lair_entry_dummy,
          minmay_strange_pillars
D:10:     nzn_winding_woodlands_three_and_one
          [nzn_winding_woodlands_5x15_pockets,
          nzn_winding_woodlands_5x15_pathside_ponds,
          nzn_winding_woodlands_5x15_longhouse,
          nzn_winding_woodlands_center_garden], layout_basic, bh_circular_ruins
D:11:     layout_roguey
D:12:     layout_layer_cave, david_orc_3, serial_ice, serial_ice_c,
          serial_ice_i, serial_ice_a, serial_ice_h, serial_ice_n, serial_ice_d,
          portal_ice_cave_entry_ice_simulacra, gauntlet_entry_generic
D:13:     layout_grid_maze, lightli_vaults_fourway_checkpoint, serial_shops,
          shop
D:14:     layout_cave_pools, serial_bayou_lagoon_a
Temple:   hellmonk_temple_divided_pantheon
Lair:1:   dpeg_oklob_gauntlet, layout_regular_city,
          nicolae_volcano_entry_batcave, chequers_serial_rivers_small_a,
          st_stairs_9, uniq_nergalle
Lair:2:   gammafunk_indiana_jones, layout_gridlike, elwin_shoals_entry_stream,
          spider_nest_entry_rubble, minmay_stone_trees_large, st_stairs_13,
          lemuel_fruit_tree
Lair:3:   layout_roguey, uniq_kirke
Lair:4:   layout_gridlike, slime_entry_1, serial_rivers,
          chequers_serial_rivers_micro_a, chequers_serial_rivers_micro_b,
          chequers_serial_rivers_large_a, chequers_serial_rivers_micro_d
Lair:5:   wormcave, layout_gridlike, guppyfry_lair_end_dragon,
          serial_bayou_crossing, infiniplex_staircase_pool, grunt_megastairs_4
Orc:1:    layout_caves
Orc:2:    st_orc_rangers, layout_caves, basic_altar, uniq_erolcha, uniq_azrael

Skill      XL: |  1  2  3  4  5  6  7  8  9 10 11 12 13 |
---------------+----------------------------------------+-----
Stealth        | 3 |  3.3
Dodging        | 3 4 6 8 10 11 13 14 | 14.2
Fighting       | 1 2 3 4 5 6 8 9 10 | 10.9
Spellcasting   | 3 4 5 7 9 10 | 10.3
Conjurations   | 1 2 3 4 5 7 8 9 |  9.3
Fire Magic     | 1 2 3 4 5 7 8 9 |  9.8
Summonings     | 5 6 7 9 10 11 | 11.7
Hexes          | 3 5 |  5.0
Air Magic      | 1 3 4 6 7 |  7.0
Translocations | 5 4 |  5.0

Action                   |  1- 3 |  4- 6 |  7- 9 | 10-12 | 13-15 || total
-------------------------+-------+-------+-------+-------+-------++-------
Melee: Unarmed           |    15 |     6 |    27 |    31 |    11 ||    90
       Bite              |       |       |     1 |     4 |       ||     5
       Punch             |       |       |       |       |     1 ||     1
 Cast: Summon Small Mamm |    37 |     7 |     2 |    14 |    17 ||    77
       Call Imp          |    11 |     8 |     2 |     8 |    11 ||    40
       Foxfire           |    17 |    80 |   189 |   555 |   437 ||  1278
       Call Canine Famil |     9 |    26 |    34 |    55 |    29 ||   153
       Summon Guardian G |       |     5 |    29 |    90 |    51 ||   175
       Summon Lightning  |       |       |     4 |   137 |    97 ||   238
       Poisonous Vapours |       |       |       |     1 |    25 ||    26
       Summon Forest     |       |       |       |       |     1 ||     1
Invok: Call Merchant     |       |       |       |     1 |       ||     1
Evoke: Wand              |       |       |     2 |    13 |    10 ||    25
  Use: Scroll            |     4 |    11 |     8 |    14 |     8 ||    45
       Potion            |       |     1 |     3 |     3 |     3 ||    10
 Stab: Sleeping          |       |       |     1 |     1 |     1 ||     3
       Invisible         |       |       |       |     2 |       ||     2
       Distracted        |       |       |       |     1 |       ||     1
Armor: Skin              |     3 |       |    10 |     2 |     3 ||    18
Dodge: Dodged            |    24 |    19 |   102 |   169 |   160 ||   474
